 Dungeon Crawl Stone Soup version 0.23.2 (webtiles) character file.

Game seed: 14853268153329566568

116900 Borgoz the Swashbuckler (level 17, -8/109 HPs)
             Began as a Kobold Gladiator on Apr 10, 2019.
             Was a High Priest of Ashenzari.
             Mangled by an alligator (20 damage)
             ... led by an alligator
             ... on level 1 of the Swamp.
             The game lasted 01:56:18 (32385 turns).

Borgoz the Swashbuckler (Kobold Gladiator)         Turns: 32385, Time: 01:56:19

Health: -8/109     AC: 17    Str: 20    XL:     17   Next: 27%
Magic:  25/25      EV: 28    Int:  7    God:    Ashenzari [*****.]
Gold:   165        SH:  4    Dex: 19    Spells: 24/26 levels left

rFire    + + .     SeeInvis +   m - +6 rapier (speed)
rCold    + + .     Gourm    .   (shield restricted)
rNeg     + . .     Faith    .   e - +3 leather armour {rPois}
rPois    +         Spirit   .   c - +0 helmet
rElec    +         Reflect  .   R - scarf {cloud immunity}
rCorr    +         Harm     .   y - +2 pair of gloves {Str+3}
MR       ++...     Clarity  +   M - +1 pair of boots of Kikubaaqudgha's Regard {MR+ rCorr}
Stlth    ++++......             F - amulet of rage (curse)
HPRegen  0.28/turn              I - ring of Anedoi {rF+ rC+ Str+4}
MPRegen  0.19/turn              i - ring of Ututziz {rElec rC+ rN+ Int-3}

@: about to teleport, berserk cooldown, slowed, very slow
A: small, talons 1, icy blue scales 1, large bone plates 1, see invisible,
carnivore, fire resistance 1, weak 1
a: Curse Item, Scrying, Transfer Knowledge, Renounce Religion, Evoke Berserk
Rage


You were on level 1 of the Swamp.
You worshipped Ashenzari.
Ashenzari was extremely pleased with you.
You were very full.

You visited 6 branches of the dungeon, and saw 26 of its levels.
You visited 1 bazaar.
You also visited: Sewer and Volcano.

You collected 2550 gold pieces.
You spent 2385 gold pieces at shops.

Inventory:

Hand Weapons
 b - a +2 dagger of draining
 m - a +6 rapier of speed (weapon)
 q - a +0 short sword of electrocution
 C - a +1 rapier of piercing
 N - a +0 short sword of flaming
Armour
 c - a +0 helmet (worn)
 e - a +3 leather armour of poison resistance (worn)
 y - a +2 pair of gloves of strength (worn)
 D - a +2 cloak of invisibility
 J - +1 acid dragon scales
 M - the +1 pair of boots of Kikubaaqudgha's Regard (worn) {MR+ rCorr}
   (You found it in a volcano)

   It affects your resistance to hostile enchantments.
   It provides partial protection from all sources of acid and corrosion.
 P - a +3 scale mail of fire resistance
 R - a scarf of cloud immunity (worn)
 Y - a +3 leather armour of cold resistance
Jewellery
 i - the ring of Ututziz (right hand) {rElec rC+ rN+ Int-3}
   (You bought it in a shop on level 13 of the Dungeon)

   [ring of positive energy]

   It affects your intelligence (-3).
   It protects you from cold.
   It insulates you from electricity.
   It protects you from negative energy.
 k - an uncursed ring of ice
 A - a +4 ring of slaying
 F - a cursed amulet of rage (around neck)
 I - the ring of Anedoi (left hand) {rF+ rC+ Str+4}
   (You bought it in a shop on level 2 of the Orcish Mines)

   [ring of protection from cold]

   It affects your strength (+4).
   It protects you from fire.
   It protects you from cold.
Wands
 h - a wand of disintegration (25)
 n - a wand of acid (29)
 x - a wand of enslavement (5)
 z - a wand of iceblast (6)
 B - a wand of clouds (11)
 G - a wand of digging (6)
 Q - a wand of paralysis (9)
 U - a wand of scattershot (7)
Scrolls
 g - 9 scrolls of remove curse
 l - 5 scrolls of fear
 o - 7 scrolls of blinking
 p - 3 scrolls of magic mapping
 r - a scroll of holy word {unknown}
 w - 4 scrolls of teleportation
 X - 3 scrolls of identify
Potions
 a - 2 potions of agility
 d - 2 potions of berserk rage
 j - a potion of ambrosia {unknown}
 s - a potion of flight
 t - 3 potions of curing
 u - 4 potions of haste
 v - 5 potions of cancellation
 E - a potion of brilliance
 H - 3 potions of invisibility
 K - 6 potions of lignification
 L - 2 potions of might
 W - 3 potions of heal wounds
Comestibles
 f - 56 rations
 O - 3 chunks of flesh


   Skills:
 + Level 13.4 Fighting
 + Level 15.8 Short Blades
 - Level 2.1 Throwing
 * Level 13.0 Armour
 + Level 14.8 Dodging
 - Level 10.0 Stealth
 - Level 5.0 Spellcasting
 - Level 3.0 Translocations
 + Level 11.8 Evocations


You had 24 spell levels left.
You knew the following spells:

 Your Spells              Type           Power        Failure   Level  Hunger
a - Blink                 Tloc           N/A          14%         2    ###....

Your spell library contained the following spells:

 Spells                   Type           Power        Failure   Level  Hunger
 Animate Skeleton         Necr           N/A          30%         1    #......
 Corona                   Hex            #......      30%         1    #......
 Magic Dart               Conj           #...         30%         1    #......
 Pain                     Necr           #...         30%         1    #......
 Sandblast                Erth           #.....       30%         1    #......
 Call Imp                 Summ           #.......     43%         2    ###....
 Passwall                 Tmut/Erth      #.......     43%         2    ###....
 Poisonous Vapours        Pois/Air       #.....       43%         2    ###....
 Searing Ray              Conj           #.....       43%         2    ###....
 Slow                     Hex            #.......     43%         2    ###....
 Portal Projectile        Hex/Tloc       #.....       45%         3    ###....
 Conjure Flame            Conj/Fire      #.......     67%         3    ###....
 Dazzling Spray           Conj/Hex       #.....       67%         3    ###....
 Inner Flame              Hex/Fire       #.......     67%         3    ###....
 Mephitic Cloud           Conj/Pois/Air  #.......     67%         3    ###....
 Regeneration             Chrm/Necr      #.........   67%         3    ###....
 Stone Arrow              Conj/Erth      #.....       67%         3    ###....
 Vampiric Draining        Necr           #.........   67%         3    ###....
 Force Lance              Conj/Tloc      #.......     86%         4    #####..
 Animate Dead             Necr           N/A          97%         4    #####..
 Cause Fear               Hex            #.........   97%         4    #####..
 Fulminant Prism          Conj/Hex       #.........   97%         4    #####..
 Iskenderun's Mystic Bla  Conj           #.......     97%         4    #####..
 Leda's Liquefaction      Hex/Erth       #.........   97%         4    #####..
 Petrify                  Tmut/Erth      #.......     97%         4    #####..
 Lee's Rapid Deconstruct  Erth           #.........   100%        5    ######.
 Freezing Cloud           Conj/Ice/Air   #.........   100%        6    #######
 Ring of Flames           Chrm/Fire      #.........   100%        7    #######


Dungeon Overview and Level Annotations

Branches:
Dungeon (15/15)            Temple (1/1) D:7            Lair (6/6) D:10
  Swamp (1/4) Lair:2       Spider (0/4) Lair:2        Slime (0/5) Lair:5
    Orc (2/2) D:12            Elf (1/3) Orc:2        Vaults (0/5) D:14
 Depths (0/5) D:15

Altars:
Ashenzari
Cheibriados
Dithmenos
Elyvilon
Fedhas
Gozag
Hepliaklqana
Kikubaaqudgha
Makhleb
Nemelex Xobeh
Okawaru
Qazlal
Ru
Sif Muna
Trog
Uskayaw
Vehumet
Wu Jian
Xom
Yredelemnul
Zin
The Shining One

Shops:
D:4 [   D:5 ((?[=   D:12 (   D:13 =   Orc:2 (*=(


Innate Abilities, Weirdness & Mutations

You are small and have problems with some larger weapons.
You are carnivorous and can eat meat at any time.
You have sharp toenails.
You are partially covered in icy blue scales. (AC +2)
You are partially covered in large bone plates. (SH +4)
You have supernaturally acute eyesight. (SInv)
Your flesh is heat resistant. (rF+)
You are weak. (Str -2)


Message History

You block the alligator's attack.
The bog body points at you and mumbles some strange words.
The bolt of cold hits the wraith.
The wraith resists.
The bolt of cold misses you. The alligator closely misses you.
The alligator misses you.
The alligator is engulfed in freezing vapours.
The alligator bites you!
* * * LOW HITPOINT WARNING * * *
The alligator tail-slaps you!
* * * LOW HITPOINT WARNING * * *
Unknown command.
Okay, then.
As you read the scroll of teleportation, it crumbles to dust.
You feel strangely unstable. The alligator closely misses you.
You block the alligator's attack. The alligator completely misses you.
The alligator tail-slaps you!
* * * LOW HITPOINT WARNING * * *
The alligator misses you. You block the alligator's attack.
The alligator bites you!!
You die...

..♣ *,?≈≈...≈≈≈
♣.≈.♣♣ ..♣♣
≈♣≈≈≈.≈≈≈* ♣≈≈.♣
.≈≈♣ *
.≈≈≈≈.≈..♣♣ ♣.≈♣♣
..♣♣ *........♣.*
♣..♣♣ .<♣
♣♣.≈≈≈..♣* ♣...♣
♣≈♣ ♣..♣≈≈).♣♣
♣..♣♣ ♣≈♣
*,♣.≈≈≈≈†W.♣ ♣♣.♣
♣.♣
*...≈..♣Wt♣♣♣♣≈≈♣
* ♣♣♣
*......≈Wt@.♣♣.≈♣
,*
..≈..≈.≈≈≈≈.≈..♣
*
*♣♣≈..≈..≈≈.≈≈≈.♣
*
♣≈.♣♣♣.♣♣♣♣≈.≈..♣
♣♣♣ ♣♣♣ ♣♣♣♣.♣♣
*♣♣


You could see 2 alligators and 3 wraiths.

Vanquished Creatures
  Jorgrun (Orc:1)
  Gastronok (Orc:1)
  A fire giant (D:15)
  The ghost of grocchini the Severer, a journeyman HOMo of Beogh (D:12)
  Josephine (Swamp:1)
  13 slime creatures
  Fannar (D:10)
  3 hydras
  A catoblepas (D:15)
  A merfolk avatar (Lair:6)
  An ogre mage (D:15)
  5 two-headed ogres (D:15)
  5 alligators (Swamp:1)
  3 dancing weapons
  4 centaur warriors
  A tengu warrior (D:15)
  Urug (Orc:1)
  A death yak (Lair:3)
  6 deep elf knights (Elf:1)
  2 skeletal warriors (Volcano)
  2 unseen horrors (D:15)
  A sea snake (Lair:6)
  2 anaconda skeletons (Volcano)
  4 orc knights
  2 deep elf archers (Elf:1)
  25 deep elf magi
  A harpy (Lair:6)
  A wolf spider zombie (D:15)
  9 ugly things
  6 cyclopes
  An orc sorcerer (Orc:2)
  A manticore (shapeshifter) (D:15)
  3 manticores
  Maurice (D:8)
  14 elephants
  5 black mambas
  Psyche (D:12)
  3 gargoyles (Volcano)
  17 spiny frogs
  2 efreet
  A freezing wraith (D:13)
  2 rime drakes (Lair:6)
  13 trolls
  13 komodo dragons
  5 tyrant leeches (Swamp:1)
  7 hornets
  3 wind drakes (Lair:6)
  3 meliai (D:13)
  4 polar bears
  18 blink frogs
  A bog body (Swamp:1)
  A blink frog (shapeshifter) (D:15)
  5 dream sheep
  9 hippogriffs
  2 flying skulls (Volcano)
  A shadow (D:12)
  A wraith (D:15)
  A spriggan (Lair:3)
  An air elemental (Elf:1)
  2 water elementals (Elf:1)
  A vampire (D:10)
  10 wyverns
  4 hogs (D:9)
  An alligator skeleton (Volcano)
  A steam dragon (D:11)
  35 yaks
  A basilisk (shapeshifter) (D:15)
  3 fire bats (Lair:5)
  5 vampire mosquitoes
  3 hungry ghosts
  A human (D:9)
  A swamp worm (Swamp:1)
  A warg (shapeshifter) (Elf:1)
  2 wargs (Orc:2)
  Edmund (D:6)
  2 acid dragons
  A soldier ant (D:13)
  5 insubstantial wisps (Swamp:1)
  20 water moccasins
  8 porcupines
  3 black bears
  3 ice beasts
  32 orc warriors
  3 phantoms
  2 necrophages
  5 sky beasts
  A swamp drake (D:12)
  An eye of draining (D:12)
  36 centaurs
  7 ogres
  14 crocodiles
  Blork the orc (D:6)
  7 big kobolds
  19 bullfrogs
  2 wyvern zombies (D:13)
  A gnoll sergeant (D:8)
  7 scorpions
  A wyvern skeleton (D:6)
  5 wights (D:12)
  2 troll skeletons (Volcano)
  An electric eel (D:14)
  5 crimson imps
  A bullfrog zombie (D:12)
  4 quasits
  3 centaur zombies
  10 orc priests
  7 hounds
  6 jellies
  7 centaur skeletons
  17 orc wizards
  3 bullfrog skeletons
  6 iguanas
  Natasha (twice) (D:4)
  11 worker ants
  A hound zombie (D:9)
  A hound skeleton (D:11)
  A howler monkey zombie (D:6)
  19 gnolls
  21 adders
  7 shadow imps
  4 oozes (Sewer)
  An adder skeleton (D:6)
  An adder zombie (D:6)
  A worm (Sewer)
  5 dart slugs
  6 leopard geckos
  81 orcs
  10 giant cockroaches
  10 goblins
  2 hobgoblins
  20 jackals
  28 kobolds
  8 quokkas
  4 ball pythons
  12 bats
  8 frilled lizards
  A jackal skeleton (D:5)
  A quokka zombie (D:6)
  12 rats
  A fungus (Lair:3)
  A plant (Lair:3)
855 creatures vanquished.

Vanquished Creatures (others)
  A flying skull (Volcano)
  10 fungi
  14 plants
25 creatures vanquished.

Grand Total: 880 creatures vanquished

Notes
Turn   | Place    | Note
-------+----------+-------------------------------------------
     0 | D:1      | Borgoz the Kobold Gladiator began the quest for the Orb.
     0 | D:1      | Reached XP level 1. HP: 12/12 MP: 1/1
    67 | D:1      | Reached XP level 2. HP: 18/18 MP: 2/2
   260 | D:1      | Reached XP level 3. HP: 22/22 MP: 3/3
   815 | D:2      | Reached skill level 1 in Armour
   897 | D:2      | Reached XP level 4. HP: 27/27 MP: 4/4
  1531 | D:4      | Found a blossoming altar of Fedhas.
  1577 | D:3      | Reached skill level 5 in Short Blades
  1577 | D:3      | Reached XP level 5. HP: 8/32 MP: 5/5
  1896 | D:3      | Found a shattered altar of Ashenzari.
  1908 | D:3      | Found a white marble altar of Elyvilon.
  1908 | D:3      | Found a bloodstained altar of Trog.
  1919 | D:3      | Became a worshipper of Ashenzari the Shackled
  2138 | D:3      | Gained mutation: Your body sometimes deteriorates upon
                  | taking damage. [potion of mutation]
  2138 | D:3      | Gained mutation: You are partially covered in icy blue
                  | scales. (AC +2) [potion of mutation]
  2138 | D:3      | Gained mutation: You have sharp toenails. [potion of
                  | mutation]
  2138 | D:3      | Gained mutation: You are partially covered in large bone
                  | plates. (SH +4) [potion of mutation]
  3204 | D:3      | Reached XP level 6. HP: 32/37 MP: 6/6
  3381 | D:4      | Reached skill level 5 in Dodging
  3392 | D:4      | Noticed Natasha
  3419 | D:4      | Killed Natasha
  3672 | D:4      | Found Tisho's Armour Emporium.
  3710 | D:4      | Reached XP level 7. HP: 2/43 MP: 7/7
  3712 | D:4      | Reached skill level 6 in Short Blades
  4406 | D:4      | Noticed Natasha
  4414 | D:4      | Killed Natasha
  4573 | D:5      | Entered Level 5 of the Dungeon
  4608 | D:5      | Found Yshreunij's Antique Weapon Shoppe.
  4751 | D:5      | Reached skill level 5 in Fighting
  4751 | D:5      | Reached XP level 8. HP: 49/49 MP: 8/8
  4757 | D:5      | Reached skill level 7 in Short Blades
  4937 | D:5      | Found Owiachaj's Magic Scroll Emporium.
  4963 | D:5      | Found Wuwud's Armour Emporium.
  4983 | D:5      | Found Nucs's Jewellery Shop.
  5081 | D:5      | Found a glowing drain.
  5101 | Sewer    | Entered a sewer
  5101 | Sewer    | Reached * piety under Ashenzari
  5594 | Sewer    | Reached XP level 9. HP: 54/55 MP: 9/9
  5637 | Sewer    | Reached skill level 8 in Short Blades
  5895 | D:5      | Found Wafuf's Weapon Boutique.
  6207 | D:5      | Bought 3 scrolls of identify for 66 gold pieces
  6481 | D:6      | Noticed Edmund
  6500 | D:6      | Killed Edmund
  6617 | D:6      | Noticed Blork the orc
  6630 | D:6      | Killed Blork the orc
  6898 | D:6      | Reached skill level 9 in Short Blades
  6898 | D:6      | Reached skill level 5 in Armour
  7486 | D:7      | Noticed a hippogriff
  7502 | D:7      | Killed a hippogriff
  7502 | D:7      | Reached XP level 10. HP: 58/63 MP: 10/10
  7680 | D:7      | Found a staircase to the Ecumenical Temple.
  7689 | Temple   | Entered the Ecumenical Temple
  8016 | D:7      | Reached skill level 10 in Short Blades
  8376 | D:8      | Found an opulent altar of Gozag.
  8451 | D:8      | Noticed Maurice
  8457 | D:8      | Killed Maurice
  8741 | D:9      | Found a basalt altar of Yredelemnul.
  8741 | D:9      | Found an ancient bone altar of Kikubaaqudgha.
  8746 | D:9      | Found a burning altar of Makhleb.
  8748 | D:9      | Found a sacrificial altar of Ru.
  8749 | D:9      | Found a deep blue altar of Sif Muna.
  8782 | D:9      | Reached ** piety under Ashenzari
  8813 | D:9      | Reached skill level 1 in Stealth
  8911 | D:9      | Reached skill level 1 in Evocations
  9283 | D:9      | Reached XP level 11. HP: 69/69 MP: 12/12
  9700 | D:10     | Entered Level 10 of the Dungeon
  9730 | D:10     | Reached skill level 10 in Dodging
  9936 | D:10     | Noticed Fannar
 10124 | D:10     | Reached skill level 11 in Short Blades
 11253 | D:10     | Noticed a purple ugly thing
 11258 | D:10     | Killed a purple ugly thing
 11258 | D:10     | Reached skill level 5 in Stealth
 11583 | D:10     | Found a staircase to the Lair.
 11919 | D:10     | Killed Fannar
 12388 | D:11     | Reached skill level 5 in Evocations
 12388 | D:11     | Reached XP level 12. HP: 76/76 MP: 15/15
 13274 | D:12     | Found a runed translucent gate.
 13274 | D:12     | Found a runed translucent gate.
 13274 | D:12     | Found a runed translucent gate.
 13284 | D:12     | Reached skill level 12 in Short Blades
 13310 | D:12     | Reached skill level 10 in Fighting
 13993 | D:12     | Found a staircase to the Orcish Mines.
 14262 | D:12     | Noticed Psyche
 14271 | D:12     | Killed Psyche
 14516 | D:12     | Found Atijipn's Antique Weapon Shoppe.
 14525 | D:12     | Bought a runed rapier for 161 gold pieces
 14525 | D:12     | Bought a glowing short sword for 138 gold pieces
 14699 | D:12     | Noticed grocchini's ghost (journeyman HOMo)
 15066 | D:13     | Reached XP level 13. HP: 83/83 MP: 18/18
 15687 | D:5      | Bought a +1 pair of gloves of strength for 198 gold pieces
 15687 | D:5      | Bought a scarf of cloud immunity for 84 gold pieces
 15953 | Lair:1   | Entered Level 1 of the Lair of Beasts
 16513 | Lair:1   | Reached skill level 1 in Spellcasting
 17040 | Lair:2   | Found a staircase to the Swamp.
 17057 | Lair:2   | Reached skill level 13 in Short Blades
 17077 | Lair:2   | Noticed a five-headed hydra
 17085 | Lair:2   | Killed a five-headed hydra
 17114 | Lair:2   | Found a hole to the Spider Nest.
 17172 | Lair:2   | Reached *** piety under Ashenzari
 17545 | Lair:2   | Learned a level 2 spell: Blink
 17777 | D:12     | Killed grocchini's ghost
 17943 | D:13     | Noticed a centaur warrior
 17946 | D:13     | Killed a centaur warrior
 18057 | D:13     | Found Plog's Jewellery Emporium.
 18353 | D:14     | Noticed a centaur warrior
 18413 | D:14     | Noticed a centaur warrior
 18417 | D:14     | Found a gate to the Vaults.
 18432 | D:14     | Killed a centaur warrior
 18432 | D:14     | Reached skill level 10 in Armour
 18691 | D:13     | Lost mutation: Your body sometimes deteriorates upon taking
                  | damage. [potion of mutation]
 18691 | D:13     | Gained mutation: You have supernaturally acute eyesight.
                  | (SInv) [potion of mutation]
 18691 | D:13     | Gained mutation: You are weak. (Str -2) [potion of
                  | mutation]
 18691 | D:13     | Gained mutation: Your flesh is heat resistant. (rF+)
                  | [potion of mutation]
 18771 | D:14     | Killed a centaur warrior
 18771 | D:14     | Reached XP level 14. HP: 76/90 MP: 20/20
 19097 | D:14     | Reached skill level 1 in Translocations
 19687 | D:15     | Entered Level 15 of the Dungeon
 19708 | D:15     | Noticed a fire giant
 20923 | D:15     | Found a staircase to the Depths.
 21160 | Lair:3   | Reached skill level 14 in Short Blades
 21366 | Lair:3   | Reached skill level 5 in Spellcasting
 22081 | Lair:3   | Got the trident "Jeininae" {flame, rN+ Int-4 Dex+3}
 22181 | Lair:3   | Reached XP level 15. HP: 96/96 MP: 22/22
 22616 | Lair:4   | Reached **** piety under Ashenzari
 23152 | Lair:5   | Found a staircase to the Slime Pits.
 23255 | Lair:5   | Found a dark tunnel.
 23272 | Volcano  | Entered a volcano
 23499 | Volcano  | Got the uncursed pair of boots of Kikubaaqudgha's Regard
                  | {MR+ rCorr}
 23520 | Volcano  | Identified the +1 pair of boots of Kikubaaqudgha's Regard
                  | {MR+ rCorr} (You found it in a volcano)
 23570 | Volcano  | Reached skill level 10 in Evocations
 24534 | Lair:6   | Entered Level 6 of the Lair of Beasts
 26299 | Lair:6   | Identified the amulet of Pukah {Harm *Drain Int+4}
 26540 | Lair:6   | Reached XP level 16. HP: 89/103 MP: 23/23
 27078 | Orc:1    | Entered Level 1 of the Orcish Mines
 27159 | Orc:1    | Noticed Urug
 27177 | Orc:1    | Killed Urug
 27213 | Orc:1    | Reached ***** piety under Ashenzari
 27244 | Orc:1    | Noticed Gastronok
 27261 | Orc:1    | Killed Gastronok
 27261 | Orc:1    | Reached skill level 15 in Short Blades
 27647 | Orc:2    | Entered Level 2 of the Orcish Mines
 27781 | Orc:2    | Found a staircase to the Elven Halls.
 28227 | Orc:1    | Noticed Jorgrun
 28253 | Orc:1    | Killed Jorgrun
 28550 | Orc:2    | Found Emeaziq's General Store.
 28550 | Orc:2    | Found Meungue's Jewellery Shoppe.
 28552 | Orc:2    | Found Zubeburch's Antique Weapon Emporium.
 28554 | Orc:2    | Found Faarey's Antique Weapon Boutique.
 28616 | Orc:2    | Bought the ring of Anedoi {rF+ rC+ Str+4} for 711 gold
                  | pieces
 28621 | Orc:2    | Bought a scroll of enchant weapon for 105 gold pieces
 28976 | D:13     | Bought the ring of Ututziz {rElec rC+ rN+ Int-3} for 416
                  | gold pieces
 29081 | D:15     | Killed a fire giant
 29585 | Elf:1    | Entered Level 1 of the Elven Halls
 29615 | Elf:1    | Found a radiant altar of Vehumet.
 29803 | Elf:1    | Found a flickering gateway to a bazaar.
 29824 | Bazaar   | Entered a bazaar
 29827 | Bazaar   | Found Geocs's Gadget Boutique.
 29844 | Bazaar   | Found Puloweu's Distillery.
 29849 | Bazaar   | Found Ytosuox's Food Shoppe.
 29860 | Bazaar   | Found Neleyhai's Distillery.
 29864 | Bazaar   | Found Suriam's Assorted Antiques.
 29871 | Bazaar   | Bought a scorched jade amulet for 85 gold pieces
 29871 | Bazaar   | Identified the amulet "Gosiafoj" {Gourm rElec Stlth+} (You
                  | bought it in a shop in a bazaar)
 29871 | Bazaar   | Bought an emerald potion for 15 gold pieces
 29882 | Bazaar   | Bought a potion of invisibility for 80 gold pieces
 29882 | Bazaar   | Bought a potion of might for 40 gold pieces
 29882 | Bazaar   | Bought a potion of invisibility for 80 gold pieces
 29882 | Bazaar   | Bought a potion of heal wounds for 50 gold pieces
 29895 | Bazaar   | Bought a potion of heal wounds for 60 gold pieces
 29895 | Bazaar   | Bought a potion of invisibility for 96 gold pieces
 30182 | Elf:1    | Got the cursed cloak "Qaif" {Regen+ rCorr}
 30193 | Elf:1    | Identified the cursed -2 cloak "Qaif" {Regen+ rCorr} (You
                  | found it on level 1 of the Elven Halls)
 30246 | Elf:1    | Reached XP level 17. HP: 101/109 MP: 25/25
 30449 | Elf:1    | Reached skill level 10 in Stealth
 31147 | Swamp:1  | Entered Level 1 of the Swamp
 31817 | Swamp:1  | Found a radiant altar of Vehumet.
 32343 | Swamp:1  | Noticed Josephine
 32358 | Swamp:1  | Killed Josephine
 32385 | Swamp:1  | Mangled by an alligator

Skill      XL: |  1  2  3  4  5  6  7  8  9 10 11 12 13 14 15 16 17 |
---------------+----------------------------------------------------+-----
Dodging        | 4 5 6 7 8 9 10 11 12 13 14 | 14.8
Armour         | 1 2 3 4 5 6 7 9 10 11 12 13 | 13.0
Fighting       | 3 4 5 6 7 8 9 10 11 12 13 | 13.4
Short Blades   | 5 6 7 9 10 11 12 13 14 15 | 15.8
Stealth        | 2 5 8 9 10 | 10.0
Evocations     | 2 5 6 8 9 10 11 | 11.8
Spellcasting   | 3 5 |  5.0
Translocations | 3 |  3.0
Throwing       | |  2.1

Action                   |  1- 3 |  4- 6 |  7- 9 | 10-12 | 13-15 | 16-18 || total
-------------------------+-------+-------+-------+-------+-------+-------++-------
Melee: Rapier            |    90 |   210 |       |    42 |  1761 |   968 ||  3071
       Kick              |       |    42 |   180 |   170 |       |       ||   392
       Dagger            |       |    26 |   596 |   727 |       |       ||  1349
       Short sword       |       |       |       |   455 |       |       ||   455
Throw: Throwing net      |       |     4 |     4 |     4 |       |       ||    12
 Cast: Blink             |       |       |       |       |     1 |       ||     1
 Abil: Evoke Invisibilit |       |       |       |       |     5 |     1 ||     6
       Evoke Berserk Rag |       |       |       |       |     3 |     5 ||     8
Evoke: Wand              |       |       |     1 |    10 |    18 |     3 ||    32
  Use: Scroll            |       |     7 |     7 |     8 |     9 |     4 ||    35
       Potion            |       |     4 |       |     5 |     4 |       ||    13
 Stab: Sleeping          |     1 |     1 |       |    12 |    29 |     6 ||    49
       Held in net/web   |       |       |     1 |     6 |       |       ||     7
       Paralysed         |       |       |       |     4 |     2 |     1 ||     7
       Distracted        |       |       |       |     1 |     4 |     1 ||     6
       Confused          |       |       |       |     1 |       |       ||     1
       Invisible         |       |       |       |       |    13 |     3 ||    16
  Eat: Chunk             |     7 |    10 |    13 |    28 |    46 |    23 ||   127
Armor: Leather armour    |    27 |    26 |     4 |       |       |    36 ||    93
       Chain mail        |       |       |   163 |   221 |       |       ||   384
       Acid dragon scale |       |       |       |    62 |   184 |    67 ||   313
       Scale mail        |       |       |       |       |     1 |    12 ||    13
Dodge: Dodged            |    88 |   174 |   196 |   531 |   863 |   483 ||  2335
Block: Other             |       |    20 |    65 |   131 |   141 |    89 ||   446
